 Dungeon Crawl Stone Soup version 0.28-a0-317-g21599a725c (webtiles) character file.

Game seed: 9612272583248094470

24437 McIrco the Unseen (level 13, -18/124 HPs)
             Began as a Kobold Berserker on Sept 1, 2021.
             Was a High Priest of Trog.
             Demolished by a vault guard (24 damage)
             ... on level 13 of the Dungeon.
             The game lasted 00:35:21 (22852 turns).

McIrco the Unseen (Kobold Berserker)               Turns: 22852, Time: 00:35:21

Health: -18/124    AC: 10    Str: 24    XL:     13   Next: 42%
Magic:  13/13      EV: 22    Int:  9    God:    Trog [*****.]
Gold:   1009       SH:  5    Dex: 15    Spells: 12/12 levels left

rFire   . . .      SeeInvis .   a - +0 rapier (venom)
rCold   . . .      Faith    .   (shield restricted)
rNeg    + . .      Spirit   .   h - +2 robe {rN+}
rPois   .          Reflect  +   l - +0 helmet
rElec   .          Harm     .   v - +0 cloak
rCorr   .          Rampage  .   m - +0 pair of gloves
Will    .....                   E - +2 pair of boots
Stlth   ..........              D - amulet of reflection
HPRegen 0.30/turn               T - +6 ring of strength
MPRegen 0.13/turn               (no ring)

@: berserking, very quick
A: small, no large weapons, nightstalker 3
a: Renounce Religion, Berserk, Trog's Hand, Brothers in Arms


You were on level 13 of the Dungeon.
You worshipped Trog.
Trog was extremely pleased with you.
You visited 1 branch of the dungeon, and saw 13 of its levels.
You also visited: Bailey.

You collected 1009 gold pieces.

Inventory:

Hand Weapons
 a - a +0 rapier of venom (weapon)
 b - a +8 demon blade
 p - a +0 short sword of freezing
 q - a +0 short sword
 H - the +3 hand axe of the Lame Duck {speed, rF+++ Will- rCorr Str-4}
   (You found it on level 7 of the Dungeon)

   Attacks with this weapon are significantly faster.
   Str:       It affects your strength (-4).
   rF:        It renders you almost immune to fire.
   rCorr:     It protects you from acid and corrosion.
   Will:      It decreases your willpower.
 P - a +2 short sword of speed
 S - a +0 dagger of venom
Missiles
 n - 2 boomerangs of dispersal (quivered)
 r - 5 throwing nets
 y - 14 boomerangs
 O - 4 curare-tipped darts
 U - 14 large rocks
Armour
 f - a +0 cloak
 h - a +2 robe of positive energy (worn)
 l - a +0 helmet (worn)
 m - a +0 pair of gloves (worn)
 u - a +0 kite shield
 v - a +0 cloak (worn)
 C - a +0 animal skin
 E - a +2 pair of boots (worn)
Jewellery
 D - an amulet of reflection (around neck)
 T - a +6 ring of strength (left hand)
Wands
 t - a wand of digging (4)
 A - a wand of flame (38)
 K - a wand of iceblast (8)
 L - a wand of mindburst (4)
Scrolls
 c - 6 scrolls of teleportation
 d - 3 scrolls of enchant armour
 g - 3 scrolls of fear
 i - a scroll of identify
 k - a scroll of summoning
 o - 2 scrolls of fog
 s - a scroll of amnesia
 w - a scroll of magic mapping
 B - a scroll of noise
 J - a scroll of vulnerability
 M - a scroll of acquirement
 N - a scroll of brand weapon {unknown}
Potions
 e - 4 potions of curing
 j - a potion of heal wounds
 x - a potion of haste
 z - 3 potions of mutation
 F - a potion of lignification
 G - a potion of flight
 I - a potion of might
 Q - a potion of brilliance
 R - a potion of resistance


   Skills:
 + Level 10.4 Fighting
 + Level 12.5(12.7) Short Blades
 + Level 2.4(5.8) Long Blades
 + Level 0.9 Throwing
 + Level 1.6 Armour
 + Level 13.1 Dodging
 + Level 15.4 Stealth
 + Level 5.1 Shields
 + Level 1.9 Evocations


You had 12 spell levels left.
You didn't know any spells.
Your spell library was empty.

Dungeon Overview and Level Annotations

Branches:
Dungeon (13/15)            Temple (0/1) D:6            Lair (0/6) D:11
    Orc (0/2) D:10         Bailey (visited)
 Vaults: D:13-14

Altars:
Ashenzari
Dithmenos
Fedhas
Kikubaaqudgha
Makhleb
Nemelex Xobeh
Okawaru
Ru
Trog
Uskayaw
Vehumet
Wu Jian
Zin
The Shining One
Beogh


Innate Abilities, Weirdness & Mutations

You are small and have problems with some larger weapons.
You are completely attuned to the shadows.


Message History

You puncture the vault guard!
The vault guard looks as sick as possible!
The vault guard is moderately wounded.
You puncture the vault guard!
The vault guard looks as sick as possible!
The vault guard is heavily wounded.
The vault guard hits you with a +0 battleaxe.
* * * LOW HITPOINT WARNING * * *
You hit the vault guard but do no damage.
The vault guard is heavily wounded.
You closely miss the vault guard.
The vault guard is heavily wounded.
The vault guard completely misses you.
You closely miss the vault guard.
The vault guard is heavily wounded.
The orc throws a stone.
The stone closely misses you.
You hit the vault guard but do no damage.
The vault guard looks as sick as possible!
The vault guard is heavily wounded.
The tengu conjurer barely misses you.
The tengu conjurer completely misses you. x2
You barely miss the vault guard.
The vault guard is heavily wounded.
An orc knight comes into view. It is wielding a +0 battleaxe.
The vault guard hits you with a +0 battleaxe!!
* * * LOW HITPOINT WARNING * * *
The orc knight shouts!
You puncture the vault guard!
The vault guard looks as sick as possible!
The vault guard is severely wounded.
The orc throws a stone.
The stone hits you but does no damage.
You puncture the vault guard!
The vault guard looks as sick as possible!
The vault guard is almost dead.
The tengu conjurer closely misses you.
The tengu conjurer pecks you but does no damage.
The tengu conjurer completely misses you.
You miss the tengu conjurer.
The vault guard hits you with a +0 battleaxe!!
You die...

####### ......# ####### ##....#
...#### ....... .### ....o.. ...
..##### ....{. .. ......# #p#p# .
####### #.Q@# # # #...# # # ..#
#...# # ## ####pc###'''###.p####
## .## #.≈≈≈≈≈≈≈..o≈≈≈≈≈≈≈.# ##.
..## #.≈≈≈≈≈≈≈...≈≈≈≈≈≈≈. ##..
...## #.≈≈≈≈≈≈...≈≈≈≈≈≈)### ##...
....####.≈≈≈≈.....≈≈≈≈....###....
....'.......................'....


You could see 2 vault guards, an orc knight, a tengu conjurer and an orc.

Vanquished Creatures
  A hydra (D:13)
  A centaur warrior (D:13)
  4 two-headed ogres
  An orc high priest (Bailey)
  2 orc knights (Bailey)
  3 ugly things
  2 cyclopes
  3 centaur zombies
  3 gargoyles
  2 unseen horrors (D:11)
  A kobold demonologist (Bailey)
  2 komodo dragons
  An efreet (D:13)
  A komodo dragon (shapeshifter) (D:9)
  3 trolls
  A hornet (D:7)
  Prince Ribbit (D:5)
  Sigmund (D:2)
  A wraith (D:11)
  19 yaks
  A vampire (D:12)
  A shadow (D:13)
  4 wyverns
  2 steam dragons
  15 vampire mosquitoes
  An acid dragon (D:11)
  6 water moccasins
  2 sky beasts
  2 ice beasts (D:7)
  11 orc warriors
  2 black bears
  2 hornet zombies (D:7)
  4 ogres
  6 centaurs
  A phantom (D:6)
  Blork the orc (D:6)
  A kobold brigand (D:7)
  3 bullfrogs
  2 gnoll sergeants
  2 wyvern zombies
  2 scorpions
  5 killer bees (D:10)
  10 wights
  3 electric eels
  3 howler monkeys
  A bullfrog zombie (D:5)
  2 gnoll shamans
  A bullfrog skeleton (D:7)
  2 hounds
  2 jellies (D:7)
  11 orc priests
  2 centaur skeletons (D:5)
  4 iguanas
  13 orc wizards
  2 hound zombies (D:5)
  Robin (D:3)
  A howler monkey zombie (D:7)
  14 gnolls
  10 adders
  2 shadow imps (D:5)
  5 dart slugs
  3 worms
  41 orcs
  7 endoplasms
  6 giant cockroaches
  17 hobgoblins
  13 jackals
  12 kobolds
  3 quokkas
  13 ball pythons
  8 bats
  A frilled lizard (D:1)
  21 goblins
  7 rats
  2 rat zombies (D:5)
372 creatures vanquished.

Vanquished Creatures (collateral kills)
  An orc knight (Bailey)
  An orc warrior (Bailey)
  3 gnolls (Bailey)
  A goblin (Bailey)
  A hobgoblin (Bailey)
7 creatures vanquished.

Vanquished Creatures (others)
  2 fungi (D:11)
  11 plants (D:11)
13 creatures vanquished.

Grand Total: 392 creatures vanquished

Notes
Turn   | Place    | Note
-------+----------+-------------------------------------------
     0 | D:1      | McIrco the Kobold Berserker began the quest for the Orb.
     0 | D:1      | Reached XP level 1. HP: 14/14 MP: 1/1
   385 | D:1      | Reached XP level 2. HP: 19/19 MP: 2/2
   673 | D:1      | Reached skill level 1 in Stealth
   673 | D:1      | Reached XP level 3. HP: 24/24 MP: 3/3
   744 | D:1      | Reached ** piety under Trog
  1304 | D:1      | Reached XP level 4. HP: 29/29 MP: 4/4
  1324 | D:1      | Found a faded altar of an unknown god.
  1796 | D:2      | Reached skill level 2 in Stealth
  1846 | D:2      | Reached skill level 5 in Short Blades
  2336 | D:2      | Noticed Sigmund
  2350 | D:2      | Killed Sigmund
  2351 | D:2      | Reached skill level 4 in Stealth
  2351 | D:2      | Reached XP level 5. HP: 31/33 MP: 5/5
  2351 | D:2      | Reached XP level 6. HP: 36/38 MP: 6/6
  2490 | D:2      | Found a blossoming altar of Fedhas.
  3099 | D:3      | Noticed an ogre
  3113 | D:3      | Killed an ogre
  3326 | D:3      | Found an ornate altar of the Wu Jian Council.
  3348 | D:3      | Reached skill level 5 in Stealth
  3504 | D:3      | Reached *** piety under Trog
  3717 | D:3      | Noticed Robin
  3729 | D:3      | Killed Robin
  3730 | D:3      | Reached XP level 7. HP: 43/43 MP: 7/7
  3813 | D:3      | Found a blossoming altar of Fedhas.
  4193 | D:4      | Noticed a steam dragon
  4211 | D:4      | Killed a steam dragon
  4335 | D:4      | Reached skill level 6 in Stealth
  5023 | D:4      | Reached XP level 8. HP: 48/48 MP: 8/8
  5141 | D:4      | Found a burning altar of Makhleb.
  5143 | D:4      | Found a glowing silver altar of Zin.
  5144 | D:4      | Noticed a green death
  5145 | D:4      | Noticed an angel
  5184 | D:4      | Reached skill level 5 in Dodging
  5196 | D:4      | Reached skill level 7 in Stealth
  5536 | D:5      | Entered Level 5 of the Dungeon
  5542 | D:5      | Reached skill level 5 in Fighting
  5595 | D:5      | Reached **** piety under Trog
  6062 | D:5      | Reached skill level 8 in Stealth
  6458 | D:5      | Noticed Prince Ribbit
  6476 | D:5      | Killed Prince Ribbit
  6477 | D:5      | Reached skill level 9 in Stealth
  6477 | D:5      | Reached XP level 9. HP: 42/55 MP: 9/9
  6825 | D:5      | Found a radiant altar of Vehumet.
  7264 | D:5      | Found an ancient bone altar of Kikubaaqudgha.
  7421 | D:6      | Reached skill level 10 in Stealth
  7885 | D:6      | Found a staircase to the Ecumenical Temple.
  8100 | D:6      | Noticed Blork the orc
  8179 | D:6      | Killed Blork the orc
  8213 | D:6      | Found a shadowy altar of Dithmenos.
  8554 | D:6      | Reached XP level 10. HP: 61/61 MP: 10/10
  8994 | D:6      | Reached skill level 10 in Short Blades
  9252 | D:7      | Reached skill level 11 in Stealth
 10127 | D:7      | Found an iron altar of Okawaru.
 10398 | D:7      | Reached skill level 12 in Stealth
 10546 | D:7      | Found a hide-covered altar of Uskayaw.
 10546 | D:7      | Found a glowing golden altar of the Shining One.
 10682 | D:7      | Identified the +3 hand axe of the Lame Duck {speed, rF+++
                  | Will- rCorr Str-4}
 10805 | D:7      | Reached skill level 1 in Shields
 11216 | D:8      | Noticed a gargoyle
 11220 | D:8      | Killed a gargoyle
 11283 | D:8      | Reached skill level 13 in Stealth
 11283 | D:8      | Reached XP level 11. HP: 60/68 MP: 11/11
 11898 | D:8      | Found a sparkling altar of Nemelex Xobeh.
 12235 | D:9      | Found a flagged portal.
 12473 | Bailey   | Entered a bailey
 12657 | Bailey   | Noticed an orc knight
 12686 | Bailey   | Killed an orc knight
 12957 | Bailey   | Found an iron altar of Okawaru.
 12957 | Bailey   | Noticed an orc high priest
 12963 | Bailey   | Killed an orc high priest
 12972 | Bailey   | Reached ***** piety under Trog
 13026 | Bailey   | Noticed an orc knight
 13051 | Bailey   | Reached skill level 10 in Dodging
 13075 | Bailey   | Killed an orc knight
 13321 | Bailey   | Identified the +8 quarterstaff "Juebefe" {freeze, Str+5}
 13849 | Bailey   | Noticed an orc knight
 13853 | Bailey   | Killed an orc knight
 14527 | D:9      | Found a broken altar of Ashenzari.
 15057 | D:9      | Found a sacrificial altar of Ru.
 15232 | D:10     | Entered Level 10 of the Dungeon
 15368 | D:10     | Reached skill level 14 in Stealth
 15503 | D:10     | Found a bloodstained altar of Trog.
 15682 | D:10     | Received a gift from Trog
 15930 | D:10     | Reached XP level 12. HP: 75/75 MP: 12/12
 16012 | D:10     | Found a staircase to the Orcish Mines.
 17174 | D:11     | Found a staircase to the Lair.
 17174 | D:11     | Noticed a two-headed ogre
 17331 | D:11     | Killed a two-headed ogre
 17966 | D:11     | Noticed a two-headed ogre
 17970 | D:11     | Killed a two-headed ogre
 18202 | D:11     | Reached skill level 15 in Stealth
 18927 | D:11     | Found a blossoming altar of Fedhas.
 19558 | D:11     | Reached skill level 1 in Long Blades
 20395 | D:11     | Reached XP level 13. HP: 51/80 MP: 13/13
 21357 | D:13     | Noticed a seven-headed hydra
 21369 | D:13     | Killed a seven-headed hydra
 21649 | D:13     | Noticed a vault guard
 21649 | D:13     | Noticed a centaur warrior
 21660 | D:13     | Killed a centaur warrior
 21661 | D:13     | Reached skill level 1 in Evocations
 21855 | D:13     | Reached skill level 5 in Shields
 22023 | D:13     | Reached skill level 10 in Fighting
 22814 | D:13     | Noticed a vault guard
 22825 | D:13     | Noticed an ogre mage
 22828 | D:13     | Noticed a vault guard
 22842 | D:13     | Noticed a vault guard
 22849 | D:13     | HP: 6/124 [vault guard (23)]
 22852 | D:13     | Demolished by a vault guard

Illustrated notes

Levels and vault maps discovered:
D:1:      amcnicky_arrival_single_pillar, layout_basic,
          shapermc_ecumenical_altar_flowoftime
D:2:      layout_loops_corners, basic_altar, uniq_sigmund
D:3:      layout_loops_ring, nicolae_wu_jian_wuxing_cycle,
          mainiacjoe_overflow_concentric_impassable, uniq_robin
D:4:      layout_rooms, grunt_temple_overflow_order_and_chaos_2,
          grunt_ministairs_13, lightli_minifort
D:5:      layout_cave_pools, lemuel_doored_altar,
          lemuel_zombie_altar_kikubaaqudgha, grunt_ministairs_5,
          kennysheep_dice, uniq_prince_ribbit1
D:6:      layout_loops_ring, nicolae_dithmenos_the_darkroom, temple_doors_e,
          uniq_blork_the_orc
D:7:      layout_loops_corners, old_standard_altar,
          gammafunk_temple_overflow_elements
D:8:      layout_loops_ring, marbit_many_paths
D:9:      layout_loops_ring, mainiacjoe_overflow_large_starburst, enter_bailey_5
D:10:     layout_stronghold, trog_book, minmay_orc_entry_temple_large,
          fountainhead
D:11:     layout_roguey, minmay_lair_entry_grove, fedhas_ov_isle_minmay
D:12:     layout_cross
D:13:     layout_loops_corners, grunt_vaults_entry_fortified

Skill      XL: |  1  2  3  4  5  6  7  8  9 10 11 12 13 |
---------------+----------------------------------------+-----
Stealth        | 1 4 5 6 9 10 13 14 15 | 15.4
Fighting       | 4 5 6 7 8 9 10 | 10.4
Dodging        | 4 6 7 8 10 12 13 | 13.1
Short Blades   | 5 6 7 8 9 10 11 12 | 12.5
Shields        | 1 2 4 5 |  5.1
Long Blades    | 2 |  2.4
Evocations     | 1 |  1.9
Throwing       | |  0.9
Armour         | |  1.6

Action                   |  1- 3 |  4- 6 |  7- 9 | 10-12 | 13-15 || total
-------------------------+-------+-------+-------+-------+-------++-------
Melee: Short sword       |   108 |   138 |    28 |    13 |       ||   287
       Dagger            |       |       |   412 |  1076 |       ||  1488
       Demon blade       |       |       |       |    51 |     4 ||    55
       Rapier            |       |       |       |    39 |   117 ||   156
Throw: Boomerang         |       |       |       |     3 |       ||     3
       Dart              |       |       |       |       |     1 ||     1
Invok: Berserk           |     2 |     4 |     9 |    23 |     5 ||    43
       Trog's Hand       |       |       |       |     4 |       ||     4
       Brothers in Arms  |       |       |       |     1 |       ||     1
Evoke: Wand              |       |       |       |     3 |     7 ||    10
  Use: Potion            |       |       |     3 |     2 |       ||     5
       Scroll            |       |       |       |    21 |       ||    21
 Stab: Sleeping          |     7 |    13 |    35 |    50 |     5 ||   110
       Distracted        |       |       |     1 |     3 |       ||     4
Armor: Animal skin       |    15 |     2 |       |       |       ||    17
       Robe              |       |    14 |   104 |   109 |    24 ||   251
Dodge: Dodged            |   100 |    74 |   261 |   575 |    78 ||  1088
Block: Other             |       |       |       |   152 |    17 ||   169
       Reflection        |       |       |       |    10 |     2 ||    12

Table legend: (Time is in decaauts)
 A = Elapsed time spent in this place.
 B = Non-inter-level travel time spent in this place.
 C = Inter-level travel time spent in this place.
 D = Time resting spent in this place.
 E = Time spent auto-exploring this place.
 F = Levels seen in this place.
 G = Mean time per level.
                   A        B        C        D        E       F      G
               +--------+--------+--------+--------+--------+-----+--------+
         Total |  22448 |  21802 |    646 |   6805 |  11997 |  14 | 1603.4 |
       Dungeon |  20466 |  19820 |    646 |   5496 |  11671 |  13 | 1574.3 |
        Bailey |   1982 |   1982 |      0 |   1308 |    325 |   1 | 1982.0 |
               +--------+--------+--------+--------+--------+-----+--------+

Top non-repeatable levels by time:
    D:11: 3372 daAuts
     D:5: 2363 daAuts
  Bailey: 1982 daAuts
     D:7: 1928 daAuts
    D:10: 1850 daAuts
     D:2: 1557 daAuts
    D:13: 1543 daAuts
     D:1: 1498 daAuts
     D:4: 1407 daAuts
     D:6: 1266 daAuts
     D:3: 1075 daAuts
     D:8: 972 daAuts
     D:9: 951 daAuts
    D:12: 677 daAuts
